 Dungeon Crawl Stone Soup version 0.21.1-1-g345015f (webtiles) character file.

1116 inc the Transmogrifier (level 8, -10/34 HPs)
             Began as a Felid Transmuter on Feb 25, 2018.
             Was a Priest of Nemelex Xobeh.
             Killed by a card of wild magic (18 damage)
             ... on level 1 of the Lair of Beasts.
             The game lasted 00:36:31 (11503 turns).

inc the Transmogrifier (Felid Transmuter)          Turns: 11503, Time: 00:36:35

Health: -10/34     AC:  2    Str:  6    XL:     8   Next: 12%
Magic:  13/13      EV: 27    Int: 21    God:    Nemelex Xobeh [***...]
Gold:   455        SH:  0    Dex: 16    Spells: 4/11 levels left
                                        Lives:  0   Deaths: 2

rFire    . . .     SeeInvis +     - Unarmed
rCold    . . .     Gourm    .   (shield unavailable)
rNeg     . . .     Faith    +   (armour unavailable)
rPois    .         Spirit   .   (helmet unavailable)
rElec    .         Reflect  .   (cloak unavailable)
rCorr    .         Harm     .   (gloves unavailable)
MR       +....                  (boots unavailable)
Stlth    ++........             r - amulet of faith
HPRegen  0.11/turn              l - +5 ring of evasion
MPRegen  0.13/turn              I - +3 ring of intelligence

@: appendage (expiring), quick
A: very small, no armour, no weapons or thrown items, stealth, claws 1, fangs 3,
horns 2, see invisible, carnivore, speed 1, shaggy fur 2, slow metabolism 1,
sharp paws
a: End Transformation, Triple Draw, Renounce Religion


You were on level 1 of the Lair of Beasts.
You worshipped Nemelex Xobeh.
Nemelex Xobeh was most pleased with you.
You were not hungry.
You had grown temporary horns.
You visited 2 branches of the dungeon, and saw 12 of its levels.

You collected 490 gold pieces.
You spent 35 gold pieces at shops.

Inventory:

Missiles
 w - 23 arrows
Jewellery
 j - an uncursed amulet of guardian spirit
 l - a +5 ring of evasion (left paw)
 r - an amulet of faith (around neck)
 D - an uncursed amulet of magic regeneration
 F - an uncursed ring of protection from magic
 H - an uncursed ring of positive energy
 I - a +3 ring of intelligence (right paw)
Wands
 v - a wand of paralysis (5)
 x - a wand of polymorph (20)
 z - a wand of digging (12)
 E - a wand of disintegration (12)
 G - a wand of iceblast (3)
Scrolls
 f - 3 scrolls of enchant armour
 g - 2 scrolls of fear
 k - 2 scrolls of magic mapping
 n - 2 scrolls of immolation {unknown}
 o - 3 scrolls of enchant weapon
 p - 3 scrolls of remove curse
 q - 2 scrolls of amnesia {unknown}
 t - a scroll of fog {unknown}
 u - 2 scrolls of teleportation {unknown}
Potions
 a - a potion of degeneration {unknown}
 d - 3 potions of mutation {unknown}
 e - 3 potions of magic
 h - 2 potions of agility {unknown}
 i - a potion of berserk rage {unknown}
 m - a potion of flight {unknown}
 s - a potion of curing
 A - a potion of ambrosia {unknown}
 B - 2 potions of lignification {unknown}
 C - a potion of haste {unknown}
Books
 b - a book of Changes

   Spells                             Type                      Level
   a - Beastly Appendage              Transmutation                1
   b - Sticks to Snakes               Transmutation                2
   c - Spider Form                    Transmutation/Poison         3
   d - Ice Form                       Ice/Transmutation            4
   e - Blade Hands                    Transmutation                5
Miscellaneous
 y - a plain deck of summoning {drawn: 10}
 J - a plain deck of destruction {drawn: 4}
Comestibles
 c - 12 rations


   Skills:
 - Level 3.1 Fighting
 - Level 7.0 Dodging
 + Level 7.3 Unarmed Combat
 - Level 2.0 Spellcasting
 - Level 8.4 Transmutations
 - Level 5.9 Ice Magic
 - Level 5.4 Invocations


You had 4 spell levels left.
You knew the following spells:

 Your Spells              Type           Power        Failure   Level  Hunger
a - Beastly Appendage     Tmut           #####.       1%          1    #......
b - Sticks to Snakes      Tmut           #####...     1%          2    ##.....
c - Ice Form              Ice/Tmut       ####....     8%          4    #####..


Dungeon Overview and Level Annotations

Branches:
Dungeon (10/15)            Temple (0/1) D:6            Lair (2/6) D:9
  Swamp: Lair:2-4    Shoals: Lair:2-4     Snake: Lair:2-4    Spider: Lair:2-4
    Orc: D:9-12

Altars:
Ashenzari
Cheibriados
Dithmenos
Makhleb
Nemelex Xobeh
Ru
Trog
The Shining One

Shops:
D:9 :(*

Annotations:
D:6 shakethe's ghost, novice DsSk
D:8 Psyche


Innate Abilities, Weirdness & Mutations

You cannot wear armour.
You are incapable of wielding weapons or throwing items.
Your paws allow you to move quietly. (Stealth)
You have sharp claws.
You have razor-sharp teeth.
You have supernaturally acute eyesight. (SInv)
You are carnivorous and can eat meat at any time.
You cover ground quickly.
You are covered in thick fur. (AC +2)
You have a slow metabolism.
Your sharp claws are effective at attacking unaware monsters.
You have a pair of horns on your head.


Message History

The wolf is moderately wounded.
Your transformation is almost over.
The wolf stops to sniff the ground.
The wolf misses you. The wolf completely misses you.
Evoke which item? (* to show all) (? for menu, Esc to quit)
You draw a card...
It is Pain.
You have drawn Pain.
Press: ? - help, Shift-Dir - straight line, f - wolf
Aim: a wolf The wolf convulses!
The wolf completely misses you. The wolf misses you.
The wolf completely misses you.
Evoke which item? (* to show all) (? for menu, Esc to quit)
You draw a card...
It is Wild Magic.
The wolf is caught in an explosion of flying shrapnel!
The explosion engulfs the wolf.
The wolf dies!
The explosion engulfs you!
Ouch! That really hurt!
You die...
Your body disappears without a glow.

#.$#..#..# #..>..........#
#....#...# #..........8.##
##......# ##.......#.####
#.......###.......###...#
#..#...............##....#
#.P.##P....#.##).....###
#.P. ##.h.######...<..# #...
#.########....###
#..#.###.####@##.....##
#..###.....###†.......##
..............h........##...
#.......PP..h.#............
......#.##...#....PP...##..
#.#..#######..#.......##
.#..# #.#........# .r#
#.###.....## .. .## #######


You could see a wolf.

Vanquished Creatures
  A yak (D:9)
  A steam dragon (D:7)
  A hungry ghost (D:7)
  2 porcupines
  An ice beast (D:5)
  2 sky beasts (D:9)
  A black bear (D:7)
  An ogre (D:6)
  A wolf (Lair:1)
  2 centaurs (D:5)
  A crocodile (D:9)
  A big kobold (D:9)
  3 bullfrogs
  2 scorpions
  3 killer bees
  2 howler monkeys
  A crimson imp (D:5)
  An orc priest (D:3)
  3 hounds
  2 jellies
  A bullfrog skeleton (D:4)
  A gnoll shaman (D:9)
  An iguana (D:5)
  3 worker ants (D:4)
  A killer bee zombie (D:7)
  2 hound skeletons
  7 adders
  3 gnolls (D:9)
  A river rat (D:7)
  A shadow imp (D:7)
  An ooze (D:1)
  An adder skeleton (D:9)
  3 worms
  5 leopard geckos
  11 orcs
  4 ball pythons
  6 giant cockroaches
  10 goblins
  14 hobgoblins
  6 jackals
  5 quokkas
  10 bats
  8 frilled lizards
  A giant cockroach zombie (D:5)
  12 kobolds
  A leopard gecko skeleton (D:3)
  2 quokka skeletons
  7 rats
160 creatures vanquished.

Vanquished Creatures (collateral kills)
  Pikel (D:7)
  A komodo dragon (Lair:1)
  A hornet (D:9)
  A hippogriff (D:9)
  3 yaks (D:9)
  A wyvern (D:10)
  A basilisk (D:9)
  A slave (D:7)
  3 ogres
  3 wolves (Lair:1)
  A crocodile (Lair:1)
  A bullfrog (Lair:1)
  2 hounds (Lair:1)
  A worker ant (D:7)
  A gnoll (D:9)
  2 adders
  2 shadow imps
  An adder skeleton (D:7)
  A worm (D:3)
  An orc (D:7)
  A leopard gecko skeleton (D:7)
  A quokka zombie (D:7)
31 creatures vanquished.

Vanquished Creatures (others)
  A wolf (Lair:1)
1 creature vanquished.

Grand Total: 192 creatures vanquished

Notes
Turn   | Place    | Note
-------+----------+-------------------------------------------
     0 | D:1      | inc the Felid Transmuter began the quest for the Orb.
     0 | D:1      | Reached XP level 1. HP: 9/9 MP: 4/4
    33 | D:1      | Found a glowing golden altar of the Shining One.
   298 | D:1      | Reached XP level 2. HP: 12/12 MP: 6/6
   476 | D:1      | Learned a level 2 spell: Sticks to Snakes
   705 | D:1      | Reached XP level 3. HP: 14/15 MP: 5/7
  1355 | D:2      | Reached XP level 4. HP: 11/19 MP: 1/8
  1465 | D:2      | Found a shadowy altar of Dithmenos.
  1556 | D:2      | Found a sacrificial altar of Ru.
  3153 | D:3      | Reached XP level 5. HP: 21/24 MP: 7/9
  3681 | D:4      | Noticed an ogre
  3806 | D:4      | Reached skill level 5 in Dodging
  4076 | D:4      | Learned a level 4 spell: Ice Form
  4155 | D:4      | Gained mutation: You are covered in thick fur. (AC +2) [Felid growth]
  4155 | D:4      | Reached XP level 6. HP: 12/28 MP: 4/10
  4328 | D:5      | Entered Level 5 of the Dungeon
  4328 | D:5      | Found a snail-covered altar of Cheibriados.
  4344 | D:5      | Noticed an ice beast
  4377 | D:5      | Killed an ice beast
  4504 | D:5      | Found a shattered altar of Ashenzari.
  4762 | D:5      | Reached skill level 5 in Unarmed Combat
  4762 | D:5      | Reached XP level 7. HP: 20/31 MP: 2/11
  4867 | D:5      | Found a sparkling altar of Nemelex Xobeh.
  4867 | D:5      | Found a burning altar of Makhleb.
  4875 | D:5      | Became a worshipper of Nemelex Xobeh the Trickster
  4925 | D:5      | Received a gift from Nemelex Xobeh
  5119 | D:4      | Reached skill level 1 in Invocations
  5891 | D:4      | Found a bloodstained altar of Trog.
  6472 | D:6      | Found a staircase to the Ecumenical Temple.
  6511 | D:6      | Noticed shakethe's ghost (novice DsSk)
  6571 | D:6      | Reached skill level 5 in Invocations
  6571 | D:6      | Reached XP level 8. HP: 20/34 MP: 8/12
  6996 | D:6      | Reached * piety under Nemelex Xobeh
  7122 | D:6      | Reached skill level 3 in Transmutations
  7387 | D:7      | Received a gift from Nemelex Xobeh
  7417 | D:7      | Reached skill level 4 in Transmutations
  7515 | D:7      | Reached skill level 1 in Ice Magic
  7548 | D:7      | Noticed Pikel
  7555 | D:7      | Killed Pikel
  7555 | D:7      | Reached skill level 5 in Transmutations
  7659 | D:7      | Reached skill level 6 in Transmutations
  7699 | D:7      | Reached XP level 9. HP: 11/37 MP: 14/14
  8611 | D:8      | Noticed Psyche
  8626 | D:9      | Found Wanoaz's General Store.
  8631 | D:9      | Received a gift from Nemelex Xobeh
  8637 | D:9      | Bought a scroll of magic mapping for 35 gold pieces
  8640 | D:9      | Reached ** piety under Nemelex Xobeh
  9185 | D:9      | Reached skill level 7 in Transmutations
  9516 | D:9      | Found Kicy's Book Emporium.
  9574 | D:9      | Found a staircase to the Lair.
  9633 | D:9      | Noticed an orange demon
  9643 | D:9      | Reached skill level 5 in Ice Magic
  9902 | D:9      | Reached skill level 8 in Transmutations
 10010 | D:9      | Found Nopeotee's Antique Weapon Emporium.
 10450 | D:10     | Entered Level 10 of the Dungeon
 10801 | Lair:1   | Entered Level 1 of the Lair of Beasts
 10832 | Lair:1   | Noticed a komodo dragon
 10853 | Lair:1   | Killed a komodo dragon
 10980 | Lair:2   | Noticed a spiny frog
 11221 | Lair:2   | Noticed an elephant
 11230 | Lair:2   | HP: 1/44 [spiny frog (22)]
 11232 | Lair:2   | Mangled by a spiny frog
 11233 | Lair:2   | Reached XP level 8. HP: -6/40 MP: 11/13
 11233 | Lair:2   | Received a gift from Nemelex Xobeh
 11233 | Lair:2   | Reached *** piety under Nemelex Xobeh
 11239 | Lair:2   | Reached XP level 9. HP: 18/37 MP: 9/14
 11454 | Lair:2   | Slain by a hog
 11455 | Lair:2   | Reached XP level 8. HP: -3/34 MP: 13/13
 11455 | Lair:2   | Noticed an elephant
 11455 | Lair:2   | Noticed an elephant
 11455 | Lair:2   | Noticed a komodo dragon
 11503 | Lair:1   | Killed by a card of wild magic

Skill      XL: |  1  2  3  4  5  6  7  8  9 |
---------------+----------------------------+-----
Unarmed Combat | 4 5 6 7 |  7.3
Fighting       | 2 3 |  3.1
Dodging        | 3 5 7 |  7.0
Invocations    | 5 |  5.4
Transmutations | 6 8 |  8.4
Ice Magic      | 3 5 |  5.9
Spellcasting   | |  2.0

Action                   |  1- 3 |  4- 6 |  7- 9 || total
-------------------------+-------+-------+-------++-------
Melee: Unarmed           |    96 |   243 |   325 ||   664
       Bite              |     8 |    22 |    29 ||    59
       Headbutt          |     9 |    24 |    29 ||    62
       Punch             |     2 |     2 |     8 ||    12
 Cast: Beastly Appendage |    15 |    23 |    35 ||    73
       Sticks to Snakes  |     2 |    10 |    53 ||    65
       Ice Form          |       |       |     3 ||     3
Evoke: Wand              |       |     3 |    11 ||    14
       Deck              |       |       |    31 ||    31
  Use: Potion            |       |     3 |     3 ||     6
       Scroll            |       |     7 |     1 ||     8
 Stab: Sleeping          |     7 |     7 |     3 ||    17
       Paralysed         |       |     3 |     2 ||     5
       Distracted        |       |       |     4 ||     4
  Eat: Chunk             |       |    12 |    18 ||    30
Armor: Skin              |     2 |     6 |    11 ||    19
Dodge: Dodged            |    96 |   211 |   408 ||   715
